 Dungeon Crawl Stone Soup version 0.18.1-48-g4cf74bf (webtiles) character file.

198 Heedrag the Magician (level 5, -1/28 HPs)
             Began as a Deep Elf Conjurer on July 26, 2016.
             Slain by a river rat (8 damage)
             ... in a sewer.
             The game lasted 00:04:31 (1890 turns).

Heedrag the Magician (Deep Elf Conjurer)            Turns: 1890, Time: 00:04:32

Health: -1/28      AC:  2    Str:  6    XL:     5   Next: 47%
Magic:  1/17       EV: 13    Int: 20    God:
Gold:   98         SH:  0    Dex: 15    Spells: 2 memorised, 15 levels left

rFire  . . .     SeeInvis .     f - +1 dagger (freeze)
rCold  . . .     Gourm    .     a - +0 robe
rNeg   . . .     Faith    .     (no shield)
rPois  .         Spirit   .     (no helmet)
rElec  .         Dismiss  .     (no cloak)
rCorr  .         Reflect  .     (no gloves)
SustAt .         Harm     .     (no boots)
MR     .....                    (no amulet)
Stlth  ++........               (no ring)
                                (no ring)

@: not resistant to hostile enchantments, unstealthy
A: no striking features
a: no special abilities


You were in a sewer.
You were not hungry.

You visited 1 branch of the dungeon, and saw 3 of its levels.
You also visited: Sewer.

You collected 98 gold pieces.

Inventory:

Hand Weapons
 f - a +1 dagger of freezing (weapon)
Armour
 a - a +0 robe (worn)
Scrolls
 d - 2 scrolls of identify {unknown}
 e - a scroll of remove curse {unknown}
 i - a scroll of recharging {unknown}
 l - a scroll of teleportation {unknown}
Potions
 j - a potion of haste {unknown}
 k - a potion of mutation {unknown}
 n - a potion of flight {unknown}
 o - a potion of might {unknown}
Books
 b - a book of Conjurations

   Spells                             Type                      Level
   a - Magic Dart                     Conjuration                  1
   b - Searing Ray                    Conjuration                  2
   c - Dazzling Spray                 Conjuration/Hexes            3
   d - Fulminant Prism                Conjuration/Hexes            4
   e - Iskenderun's Mystic Blast      Conjuration                  4
   f - Iskenderun's Battlesphere      Conjuration/Charms           5
Comestibles
 c - 2 bread rations
 g - 4 fruits
 m - 3 chunks of flesh


   Skills:
 - Level 2.4 Dodging
 - Level 2.4 Stealth
 + Level 7.8 Spellcasting
 - Level 4.3 Conjurations


You had 15 spell levels left.
You knew the following spells:

 Your Spells              Type           Power        Failure   Level  Hunger
a - Magic Dart            Conj           ####         1%          1    None
b - Dazzling Spray        Conj/Hex       ###...       12%         3    None


Dungeon Overview and Level Annotations

Branches:
Dungeon (3/15)

Altars:
Fedhas
Makhleb
Okawaru
Pakellas
Vehumet
Xom


Message History

Tha ri'er rat be severely wounded.
Tha ri'er rat bites ye!
Tha rat barely misses ye.
Castin': Magic Dart Confirm wit' . or Enter, or press ? or * ta list all spells.
Aimin': Magic Dart
Press: ? - help, Shift-Dir - straight line, f/p - ri'er rat
Aim: a ri'er rat (severely wounded) Tha magic dart hits tha ri'er rat.
Ye kill tha ri'er rat!
Ye barely miss tha rat.
Tha rat misses ye.
Ye hit tha rat.
Ye freeze tha rat.
Ye kill tha rat!
Tha ri'er rat bites ye.
* * * LOW HITPOINT WARNIN'
* * * Ye hit tha ri'er rat but do nay damage.
Tha ri'er rat misses ye.
Tha rat barely misses ye.
Ye hit tha ri'er rat.
Ye freeze tha ri'er rat.
Tha ri'er rat be moderately wounded.
Tha ri'er rat bites ye!
Ye die... ############### #....rr@r.....≈ ###############

You could see a river rat and 2 rats.

Vanquished Creatures
  Ijyb (D:2)
  Natasha (thrice) (D:2)
  3 adders
  A river rat (Sewer)
  A worm (D:2)
  A dart slug (D:1)
  3 giant geckos (D:1)
  4 giant cockroaches
  4 goblins (D:1)
  6 hobgoblins
  7 jackals
  3 kobolds
  A quokka (D:2)
  2 ball pythons (D:2)
  7 bats
  A giant newt (D:2)
  7 rats
55 creatures vanquished.

Notes
Turn   | Place    | Note
--------------------------------------------------------------
     0 | D:1      | Heedrag the Deep Elf Conjurer began the quest for the Orb.
     0 | D:1      | Reached XP level 1. HP: 10/10 MP: 6/6
   575 | D:1      | Reached XP level 2. HP: 15/15 MP: 4/8
   617 | D:1      | Reached skill level 4 in Spellcasting
   868 | D:1      | Reached XP level 3. HP: 18/19 MP: 4/11
   873 | D:1      | Learned a level 3 spell: Dazzling Spray
   942 | D:1      | Reached skill level 5 in Spellcasting
  1101 | D:2      | Noticed Natasha
  1108 | D:2      | Killed Natasha
  1188 | D:2      | Found an oddly glowing altar of Pakellas.
  1241 | D:2      | Noticed Natasha
  1252 | D:2      | Reached XP level 4. HP: 24/24 MP: 7/13
  1340 | D:2      | Killed Natasha
  1340 | D:2      | Reached skill level 6 in Spellcasting
  1393 | D:2      | Found a shimmering altar of Xom.
  1496 | D:2      | Found a burning altar of Makhleb.
  1499 | D:2      | Found a radiant altar of Vehumet.
  1520 | D:2      | Found a blossoming altar of Fedhas.
  1527 | D:2      | Found an iron altar of Okawaru.
  1580 | D:2      | Noticed Ijyb
  1589 | D:2      | Killed Ijyb
  1589 | D:2      | Reached skill level 7 in Spellcasting
  1589 | D:2      | Reached XP level 5. HP: 18/28 MP: 6/16
  1714 | D:2      | Noticed Natasha
  1718 | D:2      | Killed Natasha
  1846 | D:3      | Found a glowing drain.
  1877 | Sewer    | Entered a sewer
  1890 | Sewer    | Slain by a river rat

Skill      XL: |  1  2  3  4 |
---------------+-------------+-----
Spellcasting   | 4 5 7 |  7.8
Dodging        | |  2.4
Stealth        | |  2.4
Conjurations   | |  4.3

Action                   |  1- 3 |  4- 6 || total
-------------------------+-------+-------++-------
Melee: Dagger            |     6 |     6 ||    12
 Cast: Magic Dart        |    68 |    59 ||   127
       Dazzling Spray    |       |     2 ||     2
  Use: Potion            |       |     1 ||     1
  Eat: Chunk             |     1 |     2 ||     3
Armor: Robe              |     4 |     3 ||     7
Dodge: Dodged            |     9 |    17 ||    26
